 Dungeon Crawl Stone Soup version 0.26-a0-540-g8a0c9464d7 (webtiles) character file.

Game seed: 15305978609815902622

680 jt the Cutter (level 7, -1/34 HPs)
             Began as a Vine Stalker Brigand on Aug 21, 2020.
             Was a Follower of Ru.
             Slain by a phantom (5 damage)
             ... on level 6 of the Dungeon.
             The game lasted 00:16:55 (4541 turns).

jt the Cutter (Vine Stalker Brigand)                Turns: 4541, Time: 00:16:56

Health: -1/34      AC: 10    Str: 14    XL:     7   Next: 60%
Magic:  0/8        EV:  6    Int: 12    God:    Ru [*.....]
Gold:   204        SH: 13    Dex: 16    Spells: 6/6 levels left

rFire    . . .     SeeInvis .   a - +3 dagger
rCold    . . .     Faith    .   B - +0 kite shield
rNeg     . . .     Spirit   +   u - +0 scale mail
rPois    .         Reflect  +   (no helmet)
rElec    .         Harm     .   c - +0 cloak
rCorr    .                      o - +1 pair of gloves
MR       .....                  M - +0 pair of boots
Stlth    ++........             F - amulet of reflection
HPRegen  0.51/turn              (no ring)
MPRegen  0.11/turn              (no ring)

@: marked, no potions
A: fangs 2, regeneration 1, magic shield, antimagic bite, no potion heal 3, rot
immunity, inability to drink while threatened
a: Renounce Religion


You were on level 6 of the Dungeon.
You worshipped Ru.
Ru was aware of your devotion.
You visited 1 branch of the dungeon, and saw 6 of its levels.

You collected 204 gold pieces.

Inventory:

Hand Weapons
 a - a +3 dagger (weapon)
 m - a +0 hunting sling
 t - a +0 hunting sling
 v - a +0 spear
 E - the +5 long sword "Vyrizew" {antimagic, *Contam rElec rC++ Int+4}
   (You found it on level 5 of the Dungeon)

   It reduces the magical energy of the wielder, and disrupts the spells and
   magical abilities of those hit.
   Natural abilities and divine invocations are not affected.
   It affects your intelligence (+4).
   It greatly protects you from cold.
   It insulates you from electricity.
   It causes magical contamination when unequipped.
 I - a +0 war axe
 K - a +0 rapier
 L - a cursed -2 trident
Missiles
 d - 7 poisoned darts (quivered)
 e - a curare-tipped dart
 k - 84 bolts
 l - 171 stones
 w - 44 arrows
 x - 28 sling bullets
 J - 5 boomerangs
Armour
 b - a +0 robe
 c - a +0 cloak (worn)
 o - a +1 pair of gloves (worn)
 u - a +0 scale mail (worn)
 B - a +0 kite shield (worn)
 D - a +0 chain mail
 M - a +0 pair of boots (worn)
Jewellery
 h - a +6 ring of intelligence {unknown}
 A - an uncursed ring of wizardry {unknown}
 C - an uncursed ring of flight {unknown}
 F - an amulet of reflection (around neck)
 H - an uncursed ring of stealth {unknown}
Scrolls
 f - a scroll of immolation
 n - a scroll of enchant weapon
 r - a scroll of magic mapping
 y - 2 scrolls of identify
Potions
 g - a potion of magic {unknown}
 i - a potion of mutation {unknown}
 j - a potion of cancellation {unknown}
 p - a potion of stabbing {unknown}
 q - 2 potions of flight {unknown}
 s - a potion of berserk rage {unknown}
 z - 3 potions of curing
 G - a potion of ambrosia {unknown}
 N - a potion of brilliance {unknown}


   Skills:
 - Level 1.7 Fighting
 + Level 7.1 Short Blades
 + Level 2.6 Throwing
 - Level 0.7 Dodging
 - Level 4.8 Stealth
 + Level 1.4 Shields


You had 6 spell levels left.
You didn't know any spells.
Your spell library was empty.

Dungeon Overview and Level Annotations

Branches:
Dungeon (6/15)
 Temple: D:4-7

Altars:
Dithmenos
Kikubaaqudgha
Ru


Innate Abilities, Weirdness & Mutations

You have extremely sharp teeth.
Your natural rate of healing is unusually fast.
When hurt, damage is shared between your health and your magic reserves.
Your bite disrupts and absorbs the magic of your enemies.
Potions cannot restore your health.
You are immune to rotting.
You cannot drink potions while threatened.


Message History

Unknown command.
Throwing (i - inventory. (/) - cycle)
d - 8 poisoned darts (quivered)
Press: ? - help, Shift-Dir - straight line, f - gnoll
Aim: a gnoll, wielding a +0 spear You throw a poisoned dart.
The poisoned dart hits the gnoll.
The gnoll is poisoned.
You block the hound's attack. The gnoll hits you but does no damage.
You block the bullfrog's attack. The sky beast closely misses you.
The phantom hits you.
* * * LOW HITPOINT WARNING * * *
You redirect the gnoll shaman's attack!
You cannot drink potions in your current state!
Okay, then.
You hit the gnoll but do no damage. Your bite misses the gnoll.
The gnoll is lightly wounded.
You block the hound's attack. You block the bullfrog's attack.
The gnoll barely misses you.
An orc wizard comes into view. It is wielding a -2 dagger.
You block the sky beast's attack. You block the hound's attack.
The phantom hits you!
You die... #### oh#

#h#### ## #5Zo.
..
#######og##.#...
......Zohgh...#
#######gY###...(
#@W# . #hF# #S†#
#..# ..)..
#.......
#..##.##.. #..#
.. . #..# ..#


You could see a phantom, a sky beast (invisible, corona), a bullfrog, a gnoll
shaman, a hound, 2 orc wizards, 2 gnolls, an adder, a white imp, 2 orcs, a
killer bee zombie, 4 jackals and a bullfrog skeleton.

Vanquished Creatures
  An orc warrior (D:6)
  A gnoll sergeant (D:5)
  A hound (D:6)
  A jelly (D:5)
  An orc priest (D:3)
  2 iguanas
  Terence (D:2)
  An orc wizard (D:5)
  5 worker ants
  4 adders
  4 gnolls (D:5)
  A shadow imp (D:5)
  An ufetubus (D:5)
  2 oozes
  An adder skeleton (D:4)
  3 worms
  3 dart slugs
  2 leopard geckos
  12 orcs
  3 giant cockroaches
  7 goblins
  7 hobgoblins
  8 jackals
  7 kobolds
  6 quokkas
  14 bats
  4 frilled lizards
  A giant cockroach zombie (D:6)
  A jackal skeleton (D:4)
  7 rats
112 creatures vanquished.

Notes
Turn   | Place    | Note
-------+----------+-------------------------------------------
     0 | D:1      | jt the Vine Stalker Brigand began the quest for the Orb.
     0 | D:1      | Reached XP level 1. HP: 11/11 MP: 2/2
    11 | D:1      | Reached skill level 2 in Short Blades
   185 | D:1      | Reached XP level 2. HP: 15/15 MP: 3/3
   527 | D:1      | Reached skill level 3 in Short Blades
   646 | D:2      | Reached XP level 3. HP: 12/18 MP: 2/4
  1019 | D:2      | Noticed Terence
  1045 | D:2      | Killed Terence
  1045 | D:2      | Reached skill level 4 in Short Blades
  1045 | D:2      | Gained mutation: Your natural rate of healing is unusually
                  | fast. [Vine Stalker growth]
  1045 | D:2      | Reached XP level 4. HP: 12/23 MP: 3/5
  1359 | D:2      | Found a sacrificial altar of Ru.
  1366 | D:2      | Became a worshipper of Ru the Awakened
  1983 | D:3      | Reached XP level 5. HP: 24/26 MP: 6/6
  2301 | D:3      | Reached skill level 5 in Short Blades
  2665 | D:4      | Reached XP level 6. HP: 20/30 MP: 5/7
  2859 | D:4      | Gained mutation: You cannot drink potions while threatened.
                  | [Ru sacrifice]
  2859 | D:4      | Reached * piety under Ru
  3196 | D:4      | Reached skill level 6 in Short Blades
  3318 | D:5      | Entered Level 5 of the Dungeon
  3318 | D:5      | Found a shadowy altar of Dithmenos.
  3509 | D:5      | Noticed an ice beast
  3898 | D:5      | Reached XP level 7. HP: 19/34 MP: 5/8
  4032 | D:5      | Got an iridescent long sword
  4076 | D:5      | Found an ancient bone altar of Kikubaaqudgha.
  4077 | D:5      | Identified the +5 long sword "Vyrizew" {antimagic, *Contam
                  | rElec rC++ Int+4} (You found it on level 5 of the Dungeon)
  4499 | D:6      | Reached skill level 7 in Short Blades
  4499 | D:6      | Reached skill level 1 in Shields
  4541 | D:6      | Slain by a phantom

Illustrated notes

Levels and vault maps discovered:
D:1:      sevenhm_arrival_forest_fort_large_4, layout_rooms,
          minmay_misc_feat_rows, grunt_decor_one_mirror
D:2:      layout_loops_ring, nicolae_ru_the_path_less_chosen, uniq_terence
D:3:      layout_loops_corners
D:4:      layout_basic
D:5:      layout_basic, kennysheep_mini, nicolae_dithmenos_the_darkroom
D:6:      layout_loops_ring, vehumet_statue,
          chequers_temple_overflow_statue_of_worship, lemuel_temple_firewalk_a,
          corexii_shack, minmay_misc_feat_secret_circle, st_stairs_1

Skill      XL: |  1  2  3  4  5  6  7 |
---------------+----------------------+-----
Short Blades   | 2 3 4 5 6 7 |  7.1
Throwing       | 2 |  2.6
Shields        | 1 |  1.4
Fighting       | |  1.7
Dodging        | |  0.7
Stealth        | |  4.8

Action                   |  1- 3 |  4- 6 |  7- 9 || total
-------------------------+-------+-------+-------++-------
Melee: Dagger            |   103 |   210 |    82 ||   395
       Bite              |    26 |    58 |    27 ||   111
Throw: Dart              |    12 |    14 |    16 ||    42
Invok: Sacrifice Drink   |       |     1 |       ||     1
  Use: Scroll            |       |    12 |     1 ||    13
 Stab: Sleeping          |    10 |     6 |       ||    16
Armor: Robe              |    23 |    13 |       ||    36
       Scale mail        |       |    73 |    43 ||   116
Dodge: Dodged            |    56 |    76 |    30 ||   162
Block: Other             |       |     4 |     1 ||     5
       Kite shield       |       |       |    60 ||    60

Table legend: (Time is in decaauts)
 A = Elapsed time spent in this place.
 B = Non-inter-level travel time spent in this place.
 C = Inter-level travel time spent in this place.
 D = Time resting spent in this place.
 E = Time spent auto-exploring this place.
 F = Levels seen in this place.
 G = Mean time per level.
                   A        B        C        D        E       F      G
               +--------+--------+--------+--------+--------+-----+--------+
         Total |   4450 |   4232 |    218 |    268 |   2355 |   6 |  741.7 |
       Dungeon |   4450 |   4232 |    218 |    268 |   2355 |   6 |  741.7 |
               +--------+--------+--------+--------+--------+-----+--------+

Top non-repeatable levels by time:
     D:5: 1122 daAuts
     D:3: 960 daAuts
     D:2: 929 daAuts
     D:4: 775 daAuts
     D:1: 611 daAuts
     D:6: 51 daAuts
